 Dungeon Crawl Stone Soup version 0.18.1-48-g4cf74bf (webtiles) character file.

12 Lennu the Ruffian (level 2, 23/23 HPs)
             Began as a Draconian Transmuter on June 27, 2016.
             Quit the game on level 1 of the Dungeon.
             The game lasted 00:06:09 (712 turns).

Lennu the Ruffian (Draconian Transmuter)             Turns: 712, Time: 00:06:09

Health: 23/23      AC:  4    Str: 12    XL:     2   Next: 20%
Magic:  5/5        EV: 12    Int: 13    God:
Gold:   77         SH:  0    Dex: 11    Spells: 1 memorised, 4 levels left

rFire  . . .     SeeInvis .       - Unarmed
rCold  . . .     Gourm    .     (armour unavailable)
rNeg   . . .     Faith    .     (no shield)
rPois  .         Spirit   .     (helmet restricted)
rElec  .         Dismiss  .     (no cloak)
rCorr  .         Reflect  .     (no gloves)
SustAt .         Harm     .     (no boots)
MR     .....                    (no amulet)
Stlth  +.........               (no ring)
                                (no ring)

@: not resistant to hostile enchantments, very unstealthy
A: unfitting armour, cold-blooded, AC +4
a: no special abilities


You were on level 1 of the Dungeon.
You were not hungry.

You visited 1 branch of the dungeon, and saw 1 of its levels.

You collected 77 gold pieces.

Inventory:

Missiles
 a - 12 arrows
Armour
 m - a +0 robe
Scrolls
 d - a scroll of remove curse {unknown}
 i - a scroll of enchant armour {unknown}
 l - a scroll of identify {unknown}
Potions
 e - a potion of invisibility {unknown}
 k - a potion of heal wounds {unknown}
 n - 2 potions of berserk rage {unknown}
 o - a potion of resistance {unknown}
Books
 b - a book of Changes

   Spells                             Type                      Level
   a - Beastly Appendage              Transmutation                1
   b - Sticks to Snakes               Transmutation                2
   c - Spider Form                    Transmutation/Poison         3
   d - Ice Form                       Ice/Transmutation            4
   e - Blade Hands                    Transmutation                5
Comestibles
 c - 2 bread rations
 f - a slice of pizza
 g - 3 fruits
 h - 3 chunks of flesh
 j - a meat ration
 p - a royal jelly


   Skills:
 * Level 1.3 Fighting
 * Level 1.8 Dodging
 * Level 3.4 Unarmed Combat
 * Level 2.1 Spellcasting
 * Level 2.0 Transmutations


You had 4 spell levels left.
You knew the following spells:

 Your Spells              Type           Power        Failure   Level  Hunger
a - Beastly Appendage     Trmt           #.....       12%         1    ##.....


Dungeon Overview and Level Annotations

Branches:
Dungeon (1/15)

Altars:


Innate Abilities, Weirdness & Mutations

Your plain brown scales are hard (AC +4).
Your body does not fit into most forms of armour.
You are cold-blooded and may be slowed by cold attacks.


Message History

The giant newt misses you.
You miss the giant newt. The giant newt misses you.
You miss the giant newt.
Your transformation is almost over.
The giant newt misses you.
You miss the giant newt. You claw the giant newt.
You kill the giant newt!
You see here a giant newt corpse.
You butcher the giant newt corpse.
h - 3 chunks of flesh (gained 1)
Your talons disappear.
There is an open door here.
Done exploring.
Welcome back, Lennu the Draconian Transmuter.
Press ? for a list of commands and other information.
Why would you want to do that? Why would you want to do that?
Why would you want to do that? Why would you want to do that?
Are you sure you want to abandon this character and quit the game? (Confirm with "yes".)

#..........#.#
#..........#.#
#..⌠≈§≈≈⌠..#.########
#..≈≈≈≈≈≈..#.........
#..≈≈##≈§..#.........
#..§≈##≈≈..#.......[.
#..≈≈§§§≈..######.###
#..⌠≈§§§⌠..# #.# #
#...@......######.###
##..........#.......##
#'############.###..##
#.###.#......#.###..##
#.....#.........##..##
#####.#.......#.##....
#.#.........######
#...........# #
#.#######'#.# #


There were no monsters in sight!

Vanquished Creatures
  A giant gecko (D:1)
  2 ball pythons (D:1)
  A giant cockroach (D:1)
  A goblin (D:1)
  A hobgoblin (D:1)
  2 giant newts (D:1)
  A kobold (D:1)
  2 rats (D:1)
11 creatures vanquished.

Notes
Turn   | Place    | Note
--------------------------------------------------------------
     0 | D:1      | Lennu the Draconian Transmuter began the quest for the Orb.
     0 | D:1      | Reached XP level 1. HP: 16/16 MP: 3/3
   344 | D:1      | Reached XP level 2. HP: 15/23 MP: 3/5
   712 | D:1      | Quit the game

Action                   || total
-------------------------++-------
Melee: Unarmed           ||    50
       Headbutt          ||     1
       Tailslap          ||     1
       Kick              ||     3
 Cast: Beastly Appendage ||     7
Armor: Skin              ||    16
Dodge: Dodged            ||    37
